 Dungeon Crawl Stone Soup version 0.22.1-1-ga44c0e56f4 (webtiles) character file.

2751 Elric the Fighter (level 9, -33/67 HPs)
             Began as a Demonspawn Fighter on Nov 4, 2018.
             Was an Initiate of Hepliaklqana.
             Hit by a large rock thrown by a cyclops (38 damage)
             ... on level 8 of the Dungeon.
             The game lasted 00:18:28 (7527 turns).

Elric the Fighter (Demonspawn Fighter)              Turns: 7527, Time: 00:18:28

Health: -33/67     AC: 13    Str: 19    XL:     9   Next: 41%
Magic:  11/11      EV:  4    Int: 10    God:    Hepliaklqana [......]
Gold:   291        SH: 10    Dex: 15    Spells: 8/8 levels left

rFire    + + .     SeeInvis .   q - +0 blowgun
rCold    + . .     Gourm    .   c - +0 shield
rNeg     . . .     Faith    .   d - +0 plate armour
rPois    .         Spirit   .   (no helmet)
rElec    .         Reflect  .   A - scarf {rC+ rF+}
rCorr    +         Harm     .   (no gloves)
MR       .....                  u - +0 pair of boots
Stlth    ..........             (no amulet)
HPRegen  0.21/turn              z - ring of resist corrosion
MPRegen  0.12/turn              o - ring of protection from fire

@: no status effects
A: reduced essence, hooves 1, thin skeletal structure 1, demonic guardian 1,
nightstalker 2
a: Recall Ancestor, Ancestor Identity, Renounce Religion


You were on level 8 of the Dungeon.
You worshipped Hepliaklqana.
Hepliaklqana was noncommittal.
You were not hungry.

You visited 2 branches of the dungeon, and saw 11 of its levels.

You collected 291 gold pieces.

Inventory:

Hand Weapons
 a - a +0 war axe
 q - a +0 blowgun (weapon)
 t - a +0 broad axe
Missiles
 l - 2 silver tomahawks
 r - 34 poisoned needles (quivered)
 s - 3 needles of sleeping
Armour
 b - a +0 scale mail
 c - a +0 shield (worn)
 d - a +0 plate armour (worn)
 u - a +0 pair of boots (worn)
 A - a scarf of resistance (worn)
Jewellery
 g - an uncursed ring of positive energy
 o - a ring of protection from fire (right hand)
 x - an uncursed ring of ice
 z - a ring of resist corrosion (left hand)
Wands
 B - a wand of iceblast (19)
 E - a wand of paralysis (9)
 F - a wand of acid (11)
Scrolls
 h - a scroll of identify
 k - a scroll of blinking
 m - 2 scrolls of amnesia
 n - 2 scrolls of teleportation
 w - a scroll of remove curse
 y - a scroll of magic mapping
 D - a scroll of random uselessness
Potions
 e - 2 potions of curing
 i - a potion of heal wounds
 j - 3 potions of mutation
 p - a potion of magic
 v - a potion of flight
 C - a potion of resistance
Comestibles
 f - 5 rations


   Skills:
 + Level 8.3 Fighting
 * Level 5.8 Axes
 - Level 5.5 Armour
 - Level 1.2 Dodging
 + Level 5.9 Shields
 + Level 3.1 Invocations


You had 8 spell levels left.
You didn't know any spells.
Your spell library was empty.

Dungeon Overview and Level Annotations

Branches:
Dungeon (10/15)            Temple (1/1) D:5
   Lair: D:8-11         Orc: D:9-12

Altars:
Ashenzari
Cheibriados
Dithmenos
Elyvilon
Fedhas
Gozag
Hepliaklqana
Kikubaaqudgha
Nemelex Xobeh
Okawaru
Qazlal
Trog
Uskayaw
Xom
Yredelemnul
The Shining One


Innate Abilities, Weirdness & Mutations

You have large cloven feet.
You have a somewhat thin skeletal structure. (Dex +2, Stealth)
A weak demonic guardian rushes to your aid.
You are significantly more attuned to the shadows.
Your life essence is reduced to manifest your ancestor. (-10% HP)


Message History

Wield which item (- for none, * to show all)? (? for menu, Esc to quit)
q - a +0 blowgun (weapon)
Firing (i - inventory. (/) - cycle)
r - 34 poisoned needles (quivered)
Press: ? - help, Shift-Dir - straight line, f - cyclops
Aim: a cyclops
Okay, then.
Fire/throw which item? (* to show all) (? for menu, Esc to quit)
Press: ? - help, Shift-Dir - straight line, f - cyclops
Aim: a cyclops Really fire in your ally Esdeath's direction?
Okay, then.
The cyclops throws a large rock.
The large rock hits you!!!
Ouch! That really hurt!
You see here a large rock.
The cyclops throws a large rock.
The large rock hits you!!
* * * LOW HITPOINT WARNING * * *
You see here a large rock.
The cyclops throws a large rock.
The large rock hits you!!!
Ouch! That really hurt!
You die...

### #.. # #.#####..
#. # #.(...C.! ..
#.## #R...#8..8#...
#.##
#(5.##....##..##.#.
#.@##......##......
#..# #$C$%# #......
#..##########......
#..#⌠......⌠#.....#
##.#.._.._..#.....#
#.#⌠......⌠#.....#
#.#........#.....#
#.'########'.....#
#........5....####


You could see the friendly Esdeath the ancestor, a cyclops and a friendly
ufetubus.

Vanquished Creatures
  Grinder (D:3)
  Edmund (D:5)
  A sky beast (D:6)
  4 slaves (D:5)
  An ogre (D:8)
  A centaur (D:5)
  3 scorpions
  A water moccasin skeleton (D:5)
  2 vampire bats (D:4)
  A howler monkey (D:4)
  A centaur zombie (D:4)
  2 crimson imps
  2 hounds
  3 jellies (D:3)
  A bullfrog skeleton (D:6)
  An orc priest (D:3)
  4 iguanas
  An orc wizard (D:4)
  Terence (D:3)
  Ijyb (D:5)
  4 worker ants
  A hound skeleton (D:8)
  A howler monkey zombie (D:6)
  7 adders
  A howler monkey skeleton (D:5)
  5 shadow imps
  13 oozes
  An adder skeleton (D:5)
  A worm (D:4)
  A dart slug (D:2)
  A leopard gecko (D:1)
  11 orcs
  9 bats
  2 bat zombies (D:4)
  10 giant cockroaches
  7 goblins
  6 hobgoblins
  21 jackals
  A quokka (D:4)
  A ball python (D:3)
  4 frilled lizards
  A giant cockroach zombie (D:5)
  13 kobolds
  5 rats
  A rat zombie (D:4)
161 creatures vanquished.

Vanquished Creatures (collateral kills)
  Pikel (D:5)
  An ugly thing (D:8)
  An ice beast (D:8)
  A phantom (D:4)
  A bullfrog (D:6)
  A howler monkey (D:4)
  An electric eel (D:6)
  An orc wizard (D:7)
  2 orcs
  2 bats (D:4)
12 creatures vanquished.

Vanquished Creatures (others)
  An ancestor (D:6)
  2 fungi (D:3)
  4 toadstools (D:3)
7 creatures vanquished.

Grand Total: 180 creatures vanquished

Notes
Turn   | Place    | Note
-------+----------+-------------------------------------------
     0 | D:1      | Elric the Demonspawn Fighter began the quest for the Orb.
     0 | D:1      | Reached XP level 1. HP: 18/18 MP: 1/1
   238 | D:1      | Gained mutation: You are slightly more attuned to the
                  | shadows. [demonic ancestry]
   238 | D:1      | Reached XP level 2. HP: 24/24 MP: 2/2
   503 | D:1      | Gained mutation: You are significantly more attuned to the
                  | shadows. [demonic ancestry]
   503 | D:1      | Reached XP level 3. HP: 27/29 MP: 3/3
  1220 | D:2      | Found a shattered altar of Ashenzari.
  1751 | D:3      | Found an opulent altar of Gozag.
  1801 | D:3      | Reached XP level 4. HP: 10/37 MP: 4/4
  2108 | D:3      | Reached skill level 4 in Fighting
  2131 | D:3      | Reached XP level 5. HP: 9/42 MP: 5/5
  2801 | D:3      | Found a sparkling altar of Nemelex Xobeh.
  2853 | D:3      | Noticed Terence
  2880 | D:3      | Reached XP level 6. HP: 38/49 MP: 6/6
  2885 | D:3      | Killed Terence
  3082 | D:3      | Noticed Grinder
  3096 | D:3      | Killed Grinder
  3096 | D:3      | Reached skill level 5 in Fighting
  3469 | D:4      | Gained mutation: A weak demonic guardian rushes to your
                  | aid. [demonic ancestry]
  3469 | D:4      | Reached XP level 7. HP: 41/56 MP: 7/7
  3767 | D:4      | Found an iron altar of Okawaru.
  4087 | D:4      | Found a basalt altar of Yredelemnul.
  4137 | D:4      | Reached skill level 6 in Fighting
  4268 | D:4      | Found a hide-covered altar of Uskayaw.
  4333 | D:4      | Found an ancient bone altar of Kikubaaqudgha.
  4598 | D:5      | Entered Level 5 of the Dungeon
  4642 | D:5      | Gained mutation: You have large cloven feet. [demonic
                  | ancestry]
  4642 | D:5      | Reached XP level 8. HP: 58/65 MP: 8/8
  5281 | D:5      | Noticed Edmund
  5302 | D:5      | Killed Edmund
  5302 | D:5      | Reached skill level 7 in Fighting
  5571 | D:5      | Noticed Ijyb
  5601 | D:5      | Killed Ijyb
  5601 | D:5      | Reached skill level 5 in Armour
  5648 | D:5      | Noticed Pikel
  5663 | D:5      | Killed Pikel
  5663 | D:5      | Reached skill level 5 in Shields
  6163 | D:5      | Found a staircase to the Ecumenical Temple.
  6173 | Temple   | Entered the Ecumenical Temple
  6438 | Temple   | Became a worshipper of Hepliaklqana the Forgotten
  6609 | D:6      | Reached skill level 5 in Axes
  6784 | D:6      | Reached skill level 1 in Dodging
  6784 | D:6      | Reached skill level 1 in Invocations
  6784 | D:6      | Gained mutation: You have a somewhat thin skeletal
                  | structure. (Dex +2, Stealth) [demonic ancestry]
  6784 | D:6      | Reached XP level 9. HP: 61/66 MP: 9/9
  6828 | D:6      | Reached skill level 8 in Fighting
  7208 | D:7      | You fall through a shaft for 3 floors!
  7208 | D:10     | Entered Level 10 of the Dungeon
  7396 | D:8      | Found a shimmering altar of Xom.
  7396 | D:8      | Noticed a cyan ugly thing
  7404 | D:8      | Killed a cyan ugly thing
  7408 | D:8      | Found a stormy altar of Qazlal.
  7412 | D:8      | Noticed a cyclops
  7527 | D:8      | Hit by a large rock thrown by a cyclops

Skill      XL: |  1  2  3  4  5  6  7  8  9 |
---------------+----------------------------+-----
Armour         | 3 4 5 |  5.5
Axes           | 2 3 4 5 |  5.8
Shields        | 3 4 5 |  5.9
Fighting       | 4 5 6 7 8 |  8.3
Dodging        | 1 |  1.2
Invocations    | 1 3 |  3.1

Action                   |  1- 3 |  4- 6 |  7- 9 || total
-------------------------+-------+-------+-------++-------
Melee: War axe           |   103 |   172 |   353 ||   628
       Broad axe         |       |       |    56 ||    56
 Fire: Blowgun           |       |     1 |     4 ||     5
Throw: Tomahawk          |     1 |       |       ||     1
Invok: Recall Ancestor   |       |       |     1 ||     1
       Ancestor Identity |       |       |     1 ||     1
  Use: Scroll            |     3 |     5 |     7 ||    15
       Potion            |       |     2 |       ||     2
 Stab: Sleeping          |     5 |     2 |     3 ||    10
       Distracted        |       |       |     2 ||     2
  Eat: Chunk             |     2 |     3 |    12 ||    17
       Ration            |       |     1 |     1 ||     2
Armor: Scale mail        |    59 |    68 |    61 ||   188
       Plate armour      |       |       |   190 ||   190
Dodge: Dodged            |    36 |    51 |    81 ||   168
Block: Shield            |    71 |    93 |   193 ||   357
